 Dungeon Crawl Stone Soup version 0.31-a0-1068-g5939ac1fb6 (webtiles) character file.

Game seed: 17829781425767584815

2220575 Wyvric the Sensei (level 27, 303/313 HPs)
             Began as an Octopode Shapeshifter on Nov 23, 2023.
             Was the Champion of Wu Jian.
             Escaped with the Orb
             ... and 4 runes!
             The game lasted 04:53:57 (75363 turns).

Wyvric the Sensei (Octopode Shapeshifter)          Turns: 75363, Time: 04:53:58

Health: 303/313    AC: 18    Str: 35    XL:     27
Magic:  27/27      EV: 38    Int: 24    God:    Wu Jian [******]
Gold:   3996       SH:  0    Dex: 30    Spells: 4/32 levels left

rFire   + +          +
                       - Unarmed
rCold   + . .        (shield currently unavailable)
rNeg    + + .        c - melded +2 hat
rPois   +            v - amulet of regeneration
rElec   +            p - ring of protection from cold
rCorr   .            J - +6 ring of strength
SInv    +            q - ring of Biveruk {*Corrode rN+ Will++ Int+6}
Will    ++++.        U - ring "Iwuzunt" {rElec AC+4 Int+4}
Stlth   +++          r - ring "Fogungug" {+Blink rF+ Dex+4}
HPRegen 1.52/turn    b - +5 ring of evasion
MPRegen 0.20/turn    f - ring of Yesterday {rC+ rN+ Str+3 SInv Stlth+}
                     S - +5 ring of evasion

%: corrode self (3%)
@: dragon-form, flying, studying 4 skills
A: dragon claw, dragon scales, breathe fire, flying, boosted hp, almost no
armour, amphibious, 8 rings, giant, (camouflage 1), (gelatinous body 1), (nimble
swimmer 1), (tentacles)
0: Orb of Zot
}: 4/15 runes: decaying, slimy, silver, gossamer
a: Breathe Fire, Begin Untransformation, Renounce Religion, Evoke Blink, Wall
Jump, Serpent's Lash, Heavenly Storm


You escaped.
You worshipped Wu Jian.
Wu Jian was exalted by your worship.
You were a fearsome dragon!
You visited 12 branches of the dungeon, and saw 55 of its levels.
You also visited: Sewer, Gauntlet and Ice Cave.

You collected 8881 gold pieces.
You spent 4885 gold pieces at shops.

Inventory:

Armour
 c - a +2 hat (melded)
Jewellery
 b - a +5 ring of evasion (on tentacle)
 f - the ring of Yesterday (on tentacle) {rC+ rN+ Str+3 SInv Stlth+}
   (You found it in an ice cave)

   [ring of protection from cold]

   Str+3:     It affects your strength (+3).
   rC+:       It protects you from cold.
   rN+:       It protects you from negative energy.
   SInv:      It lets you see invisible.
   Stlth+:    It makes you more stealthy.
 m - a ring of willpower
 p - a ring of protection from cold (left foreclaw)
 q - the ring of Biveruk (on tentacle) {*Corrode rN+ Will++ Int+6}
   (You took it off a deep elf annihilator on level 3 of the Elven Halls)

   [ring of intelligence]

   Int+6:     It affects your intelligence (+6).
   rN+:       It protects you from negative energy.
   Will++:    It greatly increases your willpower.
   *Corrode:  It may corrode you when you take damage.
 r - the ring "Fogungug" (on tentacle) {+Blink rF+ Dex+4}
   (You found it on level 5 of the Pits of Slime)

   [ring of protection from fire]

   Dex+4:     It affects your dexterity (+4).
   rF+:       It protects you from fire.
   +Blink:    It lets you blink.
 v - an amulet of regeneration (around neck)
 J - a +6 ring of strength (right foreclaw)
 Q - the ring "Uraes" {rC++ AC+4 Dex+5 Slay-4}
   (You took it off a deep elf annihilator on level 3 of the Elven Halls)

   [ring of protection]

   AC+4:      It affects your AC (+4).
   Dex+5:     It affects your dexterity (+5).
   Slay-4:    It affects your accuracy & damage with ranged weapons and melee
   (-4).
   rC++:      It greatly protects you from cold.
 S - a +5 ring of evasion (on tentacle)
 U - the ring "Iwuzunt" (on tentacle) {rElec AC+4 Int+4}
   (You took it off a vault guard on level 5 of the Vaults)

   [ring of protection]

   AC+4:      It affects your AC (+4).
   Int+4:     It affects your intelligence (+4).
   rElec:     It insulates you from electricity.
 X - the amulet of Elyvilon's Whim {Reflect -Tele Rampage Dex-3 SH+5 SInv}
   (You found it in an ice cave)

   [amulet of reflection]

   Reflect:   It reflects blocked missile attacks.
   Dex-3:     It affects your dexterity (-3).
   SInv:      It lets you see invisible.
   -Tele:     It prevents most forms of teleportation.
   SH+5:      It affects your SH (+5).
   Rampage:   It bestows one free step when moving towards enemies.
Talismans
 a - a granite talisman
 e - the dragon-blood talisman of Jemehusi (active) {Str+2 Dex+3}
   (You bought it in a shop on level 4 of the Vaults)

   [dragon-blood talisman]

   Str+2:     It affects your strength (+2).
   Dex+3:     It affects your dexterity (+3).
 w - a storm talisman
Wands
 y - a wand of mindburst (18)
 A - a wand of flame (107)
 D - a wand of digging (6)
 I - a wand of iceblast (33)
 O - a wand of polymorph (29)
 W - a wand of quicksilver (41)
 Z - a wand of charming (70)
Scrolls
 g - 8 scrolls of fear
 i - 13 scrolls of poison
 o - a scroll of butterflies
 t - 16 scrolls of teleportation
 x - 3 scrolls of silence
 z - 12 scrolls of fog
 B - 7 scrolls of blinking
 E - a scroll of revelation
 F - 11 scrolls of vulnerability
 M - 3 scrolls of immolation
 Y - 4 scrolls of amnesia
Potions
 d - 11 potions of might
 h - 3 potions of haste
 j - 6 potions of berserk rage
 k - 25 potions of curing
 l - 6 potions of heal wounds
 n - 5 potions of resistance
 s - 7 potions of attraction
 u - 12 potions of brilliance
 G - 10 potions of ambrosia
 H - 6 potions of magic
 K - 15 potions of enlightenment
 L - 15 potions of lignification
 P - 11 potions of mutation
 R - 11 potions of cancellation
 T - 2 potions of invisibility
Miscellaneous
 C - a condenser vane
 N - a lightning rod (4/4)
 V - a phantom mirror


   Skills:
 + Level 22.9 Fighting
 - Level 10.0 Short Blades
 - Level 4.0 Throwing
 + Level 21.6 Dodging
 - Level 11.0 Stealth
 + Level 23.7 Unarmed Combat
 - Level 3.0 Spellcasting
 - Level 13.0 Translocations
 - Level 6.0 Transmutations
 - Level 6.0 Air Magic
 - Level 15.0 Evocations
 - Level 20.0 Shapeshifting


You had 4 spell levels left.
You knew the following spells:

 Your Spells              Type           Power      Damage    Failure   Level
a - Vhi's Electric Charg  Tloc/Air       98%        N/A       2%          4
b - Ozocubu's Armour      Ice            3%         N/A       32%         3
c - Lesser Beckoning      Tloc           100%       N/A       1%          2
d - Manifold Assault      Tloc           60%        N/A       1%          4
j - Passage of Golubria   Tloc           60%        N/A       1%          4
k - Blink                 Tloc           100%       N/A       1%          2
p - Dispersal             Tloc           30%        N/A       8%          6
u - Wereblood             Tmut           32%        N/A       1%          2
Y - Apportation           Tloc           100%       N/A       1%          1

Your spell library contained the following spells:

 Spells                   Type           Power      Damage    Failure   Level
 Momentum Strike          Conj/Tloc      68%        3d9       1%          2
 Gell's Gravitas          Tloc           60%        N/A       1%          3
 Teleport Other           Tloc           60%        N/A       1%          3
 Volatile Blastmotes      Fire/Tloc      68%        2d15      2%          3
 Static Discharge         Conj/Air       36%        3-5/arc   4%          2
 Dimensional Bullseye     Hex/Tloc       17%        N/A       8%          4
 Iskenderun's Mystic Bla  Conj/Tloc      34%        2d8       8%          4
 Airstrike                Air            16%        2d(3-19)  9%          4
 Foxfire                  Conj/Fire      12%        2x1d4     11%         1
 Magic Dart               Conj           12%        1d3       11%         1
 Sandblast                Erth           6%         2d5       11%         1
 Slow                     Hex            12%        N/A       11%         1
 Summon Small Mammal      Summ           12%        N/A       11%         1
 Mephitic Cloud           Conj/Pois/Air  13%        N/A       14%         3
 Call Imp                 Summ           6%         N/A       16%         2
 Ensorcelled Hibernation  Hex/Ice        6%         N/A       16%         2
 Jinxbite                 Hex            6%         N/A       16%         2
 Scorch                   Fire           6%         2d5       16%         2
 Sublimation of Blood     Necr           3%         N/A       16%         2
 Petrify                  Tmut/Erth      18%        N/A       30%         4
 Summon Lightning Spire   Summ/Air       18%        N/A       30%         4
 Call Canine Familiar     Summ           3%         N/A       32%         3
 Inner Flame              Hex/Fire       3%         N/A       32%         3
 Sigil of Binding         Hex            3%         N/A       32%         3
 Stone Arrow              Conj/Erth      6%         3d7       32%         3
 Summon Guardian Golem    Hex/Summ       3%         N/A       32%         3
 Tukima's Dance           Hex            3%         N/A       32%         3
 Anguish                  Hex/Necr       1%         N/A       71%         4
 Brom's Barrelling Bould  Conj/Erth      3%         2d3       71%         4
 Cause Fear               Hex            1%         N/A       71%         4
 Flame Wave               Conj/Fire      3%         2d5       71%         4
 Fulminant Prism          Conj/Hex       1%         3d5       71%         4
 Leda's Liquefaction      Hex/Erth       1%         N/A       71%         4
 Olgreb's Toxic Radiance  Pois           3%         N/A       71%         4
 Sticky Flame             Conj/Fire      3%         2d3       71%         4
 Summon Forest            Summ/Tloc      17%        N/A       21%         5
 Alistair's Intoxication  Tmut/Pois      12%        N/A       65%         5
 Arcjolt                  Conj/Air       9%         1d19      65%         5
 Irradiate                Conj/Tmut      9%         3d14      65%         5
 Yara's Violent Unravell  Hex/Tmut       9%         3d6       65%         5
 Freezing Cloud           Conj/Ice/Air   6%         6-21      78%         5
 Borgnjor's Vile Clutch   Necr/Erth      1%         N/A       96%         5
 Fireball                 Conj/Fire      1%         3d3       96%         5
 Iskenderun's Battlesphe  Conj           3%         2d6       96%         5
 Lee's Rapid Deconstruct  Erth           1%         3d4*      96%         5
 Metabolic Englaciation   Hex/Ice        1%         N/A       96%         5
 Summon Mana Viper        Hex/Summ       3%         N/A       96%         5
 Disjunction              Tloc           30%        N/A       98%         8
 Conjure Ball Lightning   Conj/Air       9%         3x3d6     99%         6
 Eringya's Noxious Bog    Tmut/Pois      9%         4d6       99%         6
 Plasma Beam              Fire/Air       9%         2x1d19    99%         6
 Bombard                  Conj/Erth      1%         9d1       100%        6
 Starburst                Conj/Fire      1%         6d3       100%        6
 Summon Cactus Giant      Summ           1%         N/A       100%        6
 Enfeeble                 Hex            1%         N/A       100%        7
 Orb of Destruction       Conj           1%         9d5       100%        7
 Spellforged Servitor     Conj/Summ      1%         N/A       100%        7
 Summon Hydra             Summ           1%         N/A       100%        7
 Borgnjor's Revivificati  Necr           1%         N/A       100%        8
 Discord                  Hex            1%         N/A       100%        8
 Ignition                 Fire           1%         3d3       100%        8
 Infestation              Necr           1%         N/A       100%        8
 Lehudib's Crystal Spear  Conj/Erth      1%         10d2      100%        8
 Chain Lightning          Conj/Air       9%         3d12      100%        9
 Dragon's Call            Summ           1%         N/A       100%        9
 Fire Storm               Conj/Fire      1%         8d1       100%        9
 Shatter                  Erth           1%         3d6*      100%        9
 Animate Armour           Summ/Erth      Unusable   N/A       N/A         4

Dungeon Overview and Level Annotations

Branches:
Dungeon (15/15)            Temple (1/1) D:5            Lair (5/5) D:8
  Swamp (4/4) Lair:3       Spider (4/4) Lair:3        Slime (5/5) Lair:4
    Orc (2/2) D:9             Elf (3/3) Orc:2        Vaults (5/5) D:14
  Crypt (2/3) Vaults:2     Depths (4/4) D:15            Zot (5/5) Depths:4
  Sewer (visited)           IceCv (visited)         Gauntlet (visited)

Altars:
Ashenzari
Cheibriados
Dithmenos
Elyvilon
Fedhas
Gozag
Hepliaklqana
Kikubaaqudgha
Makhleb
Nemelex Xobeh
Okawaru
Qazlal
Ru
Sif Muna
Trog
Uskayaw
Vehumet
Wu Jian
Xom
Yredelemnul
Zin
The Shining One
Jiyva
Lugonu

Shops:
D:4 !   D:5 :   D:15 ?   Orc:1 !   Orc:2 !!((   Elf:3 (   Vaults:3 ?
Vaults:4 =   Vaults:5 ?

Portals:
Hell: Depths:1 Depths:2 Depths:3 Depths:4
Abyss: Lair:5 Swamp:1 Depths:1 Depths:2 Depths:3
Pandemonium: Depths:2 Depths:3
Ziggurat: Depths:3
Trove: Depths:4 (give 4 scrolls of blinking)

Annotations:
Lair:5 3 exclusions


Innate Abilities, Weirdness & Mutations

You are a fearsome dragon!
You have a powerful clawing attack.
Your giant scaled body is strong and resilient, but less evasive.
You can breathe fire.
You are flying.
Your maximum health is greatly increased.
Your armour is entirely melded.
You are incapable of wielding weapons or throwing items.
You cannot wear most types of armour.
You are amphibious.
You can wear up to eight rings at the same time.
((Your skin changes colour to match your surroundings (Stealth+).))
((Your rubbery body absorbs attacks. (AC +1, EV +1)))
((You are camouflaged when in or above water. (Stealth+)))
((You have tentacles for arms and can constrict up to eight enemies at once.))


Message History

There is a stone staircase leading up here.
You fly upwards.
There is a stone staircase leading down here.
A sun demon comes into view.
Aiming: Dig
Press: ? - help, Shift-Dir - straight line You can't see that place. [the floor.]
The rock shatters into small pieces.
The sun demon completely misses you.
You maul the sun demon!!!!
You kill the sun demon!
The Council accepts your kill.
Aiming: Dig
Press: ? - help, Shift-Dir - straight line A rock wall.
This square is wreathed by an umbra.
The rock shatters into small pieces.
A profane servitor comes into view. It is wielding a +3 whip.
There is a stone staircase leading down here.
You spin and attack the profane servitor repeatedly.
You bite the profane servitor!! Your claw misses the profane servitor.
You maul the profane servitor!!!
Your tail-slap misses the profane servitor.
Your claw misses the profane servitor.
The profane servitor hits you with a +3 whip.
The profane servitor draws strength from your injuries!
The profane servitor completely misses you.
The profane servitor misses you.
The profane servitor completely misses you.
You spin and attack the profane servitor.
You barely miss the profane servitor.
The profane servitor hits you with a +3 whip!
The profane servitor draws strength from your injuries!
The profane servitor completely misses you.
You maul the profane servitor!!!!
You destroy the profane servitor!
The Council accepts your kill.
There is a staircase leading out of the dungeon here.
You have escaped!

#.#.######### #. #.#.# #.
#.#.# ##. #...# #.. #..##
### #.# #######..#
##.#######.#
#........####)>.........
#.#########...##########
###.### #D.~≈P....P.~.#
#.....# #.~~P.~..PP..P##
#.#.#.###..~P..P..~~.#~##
#.#.....#...P........#≈P#
#.#.#.###.~...~~P.P~~~~.#
#.....# ##.........~~~~##
###.### #....P.PP~.P.P~~#
#.# #.....~....~.P~.#
#.######..~~~......~.##


There were no monsters in sight!

Vanquished Creatures
  the Royal Jelly (Slime:5)
  Dissolution (Slime:5)
  A pandemonium lord (D:10)
  3 ancient liches
  2 orbs of fire (Zot:5)
  3 dread liches
  Mara (Depths:1)
  A juggernaut (Depths:3)
  The ghost of Hyollov the Formicid Barricade, a legendary FoHu of Ru (Zot:3)
  Boris (Crypt:2)
  Vv (Zot:1)
  8 Killer Klowns
  Xtahua (Crypt:2)
  A curse toe (Zot:5)
  6 golden dragons
  A bone dragon (Depths:4)
  A profane servitor (D:1)
  5 electric golems
  Arachne (Spider:3)
  12 tentacled monstrosities
  Zenata (Vaults:3)
  2 liches
  28 Orb Guardians
  6 quicksilver dragons
  8 titans
  A deep elf blademaster (Elf:3)
  5 deep elf master archers
  A walking divine tome (Depths:3)
  4 ancient champions
  11 death cobs
  19 acid blobs
  3 sphinxes
  2 thorn hunters
  10 draconian monks
  8 draconian knights
  Roxanne (Swamp:1)
  10 shadow dragons
  15 fire giants
  The ghost of Tinttamiau the Marksant, an adept FoHu of Zin (Swamp:1)
  13 azure jellies
  13 rockslimes
  The ghost of Kerestru the Warrior, an adept GrFi of Jiyva (Elf:2)
  10 storm dragons
  6 tengu reavers
  Aizul (Depths:1)
  2 fenstrider witches (Swamp:4)
  2 frost giants (Vaults:5)
  10 emperor scorpions
  Louise (Swamp:1)
  3 iron dragons
  9 deep elf sorcerers
  5 ghost moths
  6 deep elf elementalists (Elf:3)
  5 balrugs
  2 ghouls (Crypt:1)
  5 orc warlords
  2 formless jellyfish
  10 draconian shifters
  7 draconian scorchers
  19 ironbound preservers
  3 curse skulls (Crypt:1)
  15 vault wardens
  4 spriggan defenders
  13 quicksilver oozes
  A quicksilver ooze (shapeshifter) (Elf:1)
  13 draconian annihilators
  5 war gargoyles
  3 cacodemons
  12 draconian stormcallers
  8 stone giants
  2 broodmothers
  5 very ugly things
  2 ironbound thunderhulks
  8 deep elf demonologists
  10 vampire knights
  Nessos (Orc:2)
  12 green draconians
  7 black draconians
  5 eleionomae
  14 red draconians
  6 white draconians
  A lorocyproca (Zot:2)
  17 purple draconians
  9 yellow draconians
  6 deep elf annihilators
  15 dire elephants
  6 bunyips
  A crystal guardian (Vaults:1)
  10 deep elf death magi
  6 spark wasps
  A blizzard demon (D:5)
  2 mummy priests (Crypt:1)
  An eidolon (Crypt:1)
  6 jiangshi
  3 green deaths
  12 yaktaur captains
  A shambling mangrove (Swamp:2)
  Josephine (Lair:4)
  13 ettins
  12 fire dragons
  An entropy weaver (Lair:3)
  10 deep elf high priests
  Harold (Lair:1)
  10 great orbs of eyes
  17 hydras
  3 peacekeepers
  4 ice dragons
  3 rakshasas
  30 vault guards
  The ghost of Drangen the Marksspriggan, a journeyman SpHu of Okawaru (D:11)
  2 ghost crabs (Swamp:2)
  7 catoblepae
  3 jorogumos
  10 ironbound frosthearts
  2 radroaches
  2 ogre magi (Vaults:5)
  2 death knights (Crypt:1)
  12 two-headed ogres
  6 deep troll shamans
  A hell hog (Swamp:1)
  An Orb Guardian zombie (Crypt:1)
  14 alligators
  9 boulder beetles
  3 spriggan air magi
  7 tengu warriors
  5 centaur warriors
  7 demonic crawlers
  5 vampire magi
  33 dancing weapons
  4 deep troll earth magi
  5 orc high priests
  Urug (D:14)
  A titan zombie (Vaults:4)
  4 spriggan berserkers
  6 thrashing horrors
  8 sun demons
  22 deep elf knights
  11 hell knights
  5 soul eaters
  Nergalle (Orc:1)
  3 shadow wraiths
  5 pharaoh ants
  6 glowing orange brains
  3 iron trolls
  23 skeletal warriors
  A death drake (Swamp:3)
  8 goliath frogs
  3 spriggan druids
  A bunyip zombie (Crypt:2)
  2 sun moths
  37 deep trolls
  A shadow demon (Depths:3)
  A tengu zombie (Vaults:4)
  5 flayed ghosts
  A deep troll (shapeshifter) (Vaults:2)
  6 orb spiders
  5 bog bodies
  A swamp dragon (shapeshifter) (Lair:5)
  30 deep elf archers
  5 swamp dragons
  21 ironbound convokers
  A spriggan simulacrum (Crypt:1)
  2 obsidian statues (Zot:5)
  6 harpies (Vaults:3)
  4 arcanists
  An anaconda skeleton (Crypt:2)
  5 orange crystal statues
  5 steelbarb worms
  17 orc knights
  6 lindwurms
  13 phantasmal warriors
  35 deep elf zephyrmancers
  8 necromancers
  36 deep elf pyromancers
  24 wolf spiders
  8 cyclopes
  35 ugly things
  6 will-o-the-wisps
  7 oklob plants (Lair:5)
  A wolf spider (shapeshifter) (Depths:4)
  8 orc sorcerers
  4 shining eyes
  A tengu skeleton (Vaults:4)
  17 moths of wrath
  A worldbinder (Swamp:1)
  2 manticores
  A stone giant skeleton (Crypt:2)
  14 vault sentinels
  5 elephants (Lair:4)
  Maurice (Orc:1)
  A smoke demon (Depths:2)
  2 torpor snails (Spider:3)
  A dire elephant skeleton (Crypt:1)
  4 eyes of devastation
  A gargoyle (D:14)
  2 water nymphs (Swamp:1)
  5 black mambas
  A cane toad (shapeshifter) (Lair:5)
  2 orange demons (Swamp:4)
  2 centaur skeletons (Crypt:1)
  A hellion (D:5)
  2 large abominations
  9 cane toads
  An unseen horror (D:12)
  37 yaktaurs
  2 human zombies
  4 rime drakes
  7 tengu conjurers
  A tormentor (Depths:1)
  10 freezing wraiths
  7 kobold demonologists (D:13)
  6 komodo dragons
  5 efreet
  A harpy zombie (Crypt:1)
  A black draconian skeleton (Crypt:2)
  A death yak skeleton (Crypt:2)
  19 trolls
  A red devil (D:10)
  A death drake zombie (Crypt:2)
  3 polar bears
  6 meliai (D:13)
  28 tarantellas
  4 tyrant leeches
  6 raiju
  2 spectral guardian serpents (Crypt:2)
  7 hornets
  An ice dragon zombie (Crypt:1)
  A raiju (shapeshifter) (Lair:5)
  A tarantella (shapeshifter) (D:11)
  Grinder (D:3)
  A dream sheep (shapeshifter) (Depths:4)
  A shadow dragon simulacrum (Vaults:4)
  An ettin zombie (Vaults:4)
  21 blink frogs
  4 glass eyes
  A jumping spider (shapeshifter) (D:13)
  2 vampires (D:12)
  Sigmund (D:2)
  14 culicivoras
  91 slime creatures
  2 centaur simulacra
  6 spriggans
  23 jumping spiders
  3 shadows
  2 elf zombies (Vaults:1)
  2 wyverns
  2 flying skulls (Crypt:1)
  3 ynoxinuls (Lair:5)
  An ettin skeleton (Vaults:1)
  7 starcursed masses (Swamp:1)
  15 wraiths
  22 yaks
  9 water elementals
  2 fire elementals (Elf:3)
  16 humans (D:14)
  5 basilisks
  8 golden eyes
  16 vampire mosquitoes
  A neqoxec (D:5)
  47 redbacks
  A steam dragon (D:8)
  11 wargs
  11 small abominations
  15 swamp worms
  2 acid dragons (D:11)
  A great orb of eyes simulacrum (IceCv)
  11 water moccasins
  A fire bat skeleton (Crypt:1)
  2 hell hounds (D:13)
  5 swamp drakes
  33 orc warriors
  5 ice beasts
  3 sky beasts
  A black bear (D:4)
  A black bear (shapeshifter) (Elf:1)
  An ice beast (shapeshifter) (Lair:5)
  4 boggarts (Vaults:4)
  7 centaurs
  4 ogres
  31 wolves
  A swamp dragon skeleton (Crypt:2)
  A slime creature simulacrum (IceCv)
  A salamander zombie (Crypt:1)
  A yaktaur zombie (Crypt:1)
  A kobold brigand (D:10)
  7 glowing shapeshifter simulacra (IceCv)
  12 bullfrogs
  5 earth elementals
  7 gnoll sergeants (D:13)
  4 scorpions (D:5)
  A water moccasin zombie (Crypt:1)
  6 wights
  A queen bee zombie (Crypt:1)
  10 killer bees
  2 howler monkeys
  5 electric eels
  3 bullfrog zombies (D:6)
  2 centaur zombies
  A wolf skeleton (Crypt:1)
  20 orc priests
  3 hounds
  3 jellies
  A gnoll bouda (D:5)
  Jessica (D:2)
  2 iguanas
  Crazy Yiuf (D:2)
  A sleepcap (D:6)
  Natasha (thrice) (D:3)
  30 orc wizards
  A sickly merfolk siren (Sewer)
  A malarious merfolk avatar (Sewer)
  A boggart skeleton (D:15)
  A killer bee zombie (D:6)
  A naga skeleton (Crypt:2)
  A howler monkey zombie (D:6)
  Robin (D:2)
  4 gnolls (D:6)
  8 adders
  2 river rats (D:6)
  A swamp drake skeleton (Crypt:2)
  A shadow imp (D:7)
  3 white imps
  9 ufetubi
  An iguana zombie (Crypt:1)
  A lava snake zombie (Crypt:1)
  A worm (D:2)
  7 dart slugs
  42 orcs
  3 endoplasms
  6 giant cockroaches
  13 goblins
  6 hobgoblins
  14 jackals
  14 quokkas
  3 training dummies (Elf:3)
  12 ball pythons
  2 bats (D:1)
  4 frilled lizards
  A gnoll zombie (Crypt:2)
  9 kobolds
  26 rats
2325 creatures vanquished.

Vanquished Creatures (others)
  A vault guard (Vaults:5)
  A bloated husk (Swamp:3)
  A killer bee (D:9)
  An orc priest (Vaults:3)
  An orc (Vaults:5)
  6 foxfires
  A lurking horror (Swamp:1)
12 creatures vanquished.

Grand Total: 2337 creatures vanquished

Notes
Turn   | Place    | Note
-------+----------+-------------------------------------------
     0 | D:1      | Wyvric the Octopode Shapeshifter began the quest for the
                  | Orb.
     0 | D:1      | Reached XP level 1. HP: 13/13 MP: 1/1
   310 | D:1      | Found a faded altar of an unknown god.
   438 | D:1      | Reached skill level 1 in Stealth
   661 | D:1      | Reached XP level 2. HP: 18/18 MP: 2/2
  1512 | D:2      | Reached XP level 3. HP: 23/23 MP: 3/3
  2126 | D:2      | Noticed Jessica
  2857 | D:2      | Noticed Robin
  2934 | D:3      | Reached XP level 4. HP: 23/29 MP: 4/4
  3089 | D:3      | Reached skill level 1 in Short Blades
  3194 | D:3      | Noticed Natasha
  3317 | D:3      | Noticed Grinder
  3385 | D:4      | Noticed a black bear
  3489 | D:3      | Killed Natasha
  3490 | D:3      | Reached XP level 5. HP: 34/34 MP: 5/5
  3531 | D:3      | Found a blossoming altar of Fedhas.
  3587 | D:4      | Found Ytast's Distillery.
  3593 | D:4      | Bought a potion of heal wounds for 65 gold pieces
  3593 | D:4      | Bought a potion of berserk rage for 65 gold pieces
  3634 | D:4      | Killed a black bear
  3635 | D:4      | Reached XP level 6. HP: 25/39 MP: 6/6
  3858 | D:4      | Reached skill level 5 in Shapeshifting
  4612 | D:4      | Bought a potion of heal wounds for 65 gold pieces
  4619 | D:5      | Entered Level 5 of the Dungeon
  4637 | D:5      | Found a staircase to the Ecumenical Temple.
  4647 | Temple   | Entered the Ecumenical Temple
  4653 | Temple   | Became a worshipper of the Wu Jian Council
  5001 | D:5      | Found a hazy altar of Hepliaklqana.
  5061 | D:5      | Found a white marble altar of Elyvilon.
  5314 | D:5      | Noticed an orc warrior
  5442 | D:5      | Reached skill level 5 in Stealth
  5442 | D:5      | Reached XP level 7. HP: 46/46 MP: 7/7
  5504 | D:5      | Found Paxudodgh's Book Emporium.
  5929 | D:5      | Found a staircase to the Ecumenical Temple.
  6043 | D:5      | Found a hazy altar of Hepliaklqana.
  6119 | D:5      | Found Paxudodgh's Book Emporium.
  6209 | D:5      | Found a white marble altar of Elyvilon.
  6510 | D:5      | Reached XP level 8. HP: 43/52 MP: 5/8
  6708 | D:6      | Reached * piety under Wu Jian
  6725 | D:6      | Found a glowing drain.
  6729 | Sewer    | Entered a sewer
  6879 | Sewer    | Reached ** piety under Wu Jian
  7155 | D:6      | Found a basalt altar of Yredelemnul.
  7713 | D:7      | Noticed a slime creature
  7716 | D:7      | Noticed a slime creature
  7717 | D:7      | Noticed a slime creature
  7857 | D:7      | Found a stormy altar of Qazlal.
  7908 | D:7      | Noticed a slime creature
  7909 | D:7      | Noticed a slime creature
  8114 | D:7      | Reached XP level 9. HP: 58/58 MP: 9/9
  8488 | D:7      | Reached skill level 5 in Dodging
  8945 | D:8      | Reached skill level 1 in Throwing
  9001 | D:8      | Reached skill level 1 in Evocations
  9045 | D:8      | Noticed a troll
  9090 | D:8      | Noticed a rime drake
  9116 | D:8      | Reached *** piety under Wu Jian
  9183 | D:8      | Reached skill level 5 in Short Blades
  9307 | D:8      | Killed a troll
  9328 | D:8      | Reached XP level 10. HP: 42/63 MP: 7/10
  9451 | D:8      | Reached skill level 5 in Fighting
  9913 | D:7      | Found a stormy altar of Qazlal.
 10461 | D:3      | Noticed Natasha
 10559 | D:2      | Killed Robin
 10562 | D:2      | Noticed Sigmund
 10568 | D:2      | Killed Sigmund
 10687 | D:2      | Found a runed translucent door.
 10688 | D:2      | Noticed Crazy Yiuf
 13064 | D:2      | Killed Jessica
 13256 | D:3      | Paralysed by Grinder for 4 turns
 13265 | D:3      | Killed Grinder
 13330 | D:3      | Killed Natasha
 13544 | D:3      | Noticed Natasha
 13563 | D:3      | Killed Natasha
 13601 | D:3      | Found a blossoming altar of Fedhas.
 13753 | D:8      | Found a burning altar of Makhleb.
 13759 | D:8      | Reached skill level 5 in Evocations
 14707 | D:9      | Noticed a cyclops
 14707 | D:9      | Found the +6 shillelagh "Devastator" {shatter}
 14710 | D:9      | Killed a cyclops
 14807 | D:9      | Found a staircase to the Orcish Mines.
 15043 | D:8      | Reached XP level 11. HP: 33/72 MP: 10/11
 15189 | D:8      | Found a staircase to the Lair.
 15755 | D:9      | Found a staircase to the Orcish Mines.
 15806 | D:8      | Reached skill level 10 in Stealth
 16170 | D:10     | Entered Level 10 of the Dungeon
 16176 | D:10     | Found a shimmering blue altar of Sif Muna.
 16489 | D:10     | Noticed a two-headed ogre
 16493 | D:10     | Killed a two-headed ogre
 16626 | D:10     | Found a snail-covered altar of Cheibriados.
 16646 | D:10     | Noticed a cyclops
 16649 | D:10     | Killed a cyclops
 16940 | D:10     | Found a glowing silver altar of Zin.
 17062 | D:11     | Noticed a two-headed ogre
 17065 | D:11     | Killed a two-headed ogre
 17066 | D:11     | Reached skill level 10 in Short Blades
 17190 | D:11     | Noticed a two-headed ogre
 17193 | D:11     | Noticed a manticore
 17392 | D:11     | Noticed a deep elf pyromancer
 17506 | Lair:1   | Entered Level 1 of the Lair of Beasts
 17649 | Lair:1   | Reached **** piety under Wu Jian
 17780 | Lair:1   | Reached XP level 12. HP: 54/79 MP: 12/12
 17922 | Lair:1   | Reached skill level 10 in Dodging
 18008 | Lair:1   | Noticed Harold
 18008 | Lair:1   | Noticed a catoblepas
 18358 | Lair:1   | Killed Harold
 19244 | Lair:2   | Identified the +6 short sword of Atoda {heavy, rPois rN+
                  | Dex+3}
 19372 | Lair:2   | Found a broken altar of Ashenzari.
 19444 | Lair:2   | Learned a level 1 spell: Apportation
 19824 | Lair:3   | Found a staircase to the Swamp.
 20094 | Lair:3   | Reached ***** piety under Wu Jian
 20175 | Lair:3   | Found a hole to the Spider Nest.
 20283 | Lair:3   | Reached XP level 13. HP: 88/88 MP: 13/13
 20615 | Lair:4   | Noticed Josephine
 20689 | Lair:4   | Reached skill level 10 in Shapeshifting
 21131 | Lair:4   | Found a viscous altar of Jiyva.
 21133 | Lair:4   | Found a staircase to the Slime Pits.
 21704 | Lair:4   | Learned a level 2 spell: Blink
 21915 | Lair:5   | Entered Level 5 of the Lair of Beasts
 22000 | Lair:5   | Reached skill level 1 in Translocations
 22064 | Lair:5   | Reached skill level 1 in Spellcasting
 22341 | Lair:5   | Identified the +1 long sword "Death Rattle" {flame, rPois
                  | rC+ Stlth+}
 23335 | Lair:5   | Reached XP level 14. HP: 82/97 MP: 15/15
 23546 | Lair:5   | Found a corrupted altar of Lugonu.
 23546 | Lair:5   | Found a one-way gate to the infinite horrors of the Abyss.
 24523 | D:11     | Found a runed translucent gate.
 24524 | D:11     | Found a runed translucent gate.
 24525 | D:11     | Found a runed translucent gate.
 24525 | D:11     | Noticed Drangen's ghost (journeyman SpHu)
 24833 | D:11     | You fall into a shaft and drop 1 floor!
 24833 | D:12     | Found a gate leading to a gauntlet.
 24845 | Gauntlet | Entered a Gauntlet
 24845 | Gauntlet | Found a transporter.
 24845 | Gauntlet | Found a transporter.
 24850 | Gauntlet | Found a transporter.
 24865 | Gauntlet | Found a transporter.
 24879 | Gauntlet | Found a transporter.
 24892 | Gauntlet | Found a transporter.
 24898 | Gauntlet | Noticed a dire elephant
 24911 | Gauntlet | Found a transporter.
 24977 | Gauntlet | Found a transporter.
 24992 | Gauntlet | Found a transporter.
 25010 | Gauntlet | Found a transporter.
 25010 | Gauntlet | Noticed a reaper
 25022 | Gauntlet | Found a transporter.
 25039 | Gauntlet | Found a transporter.
 25106 | Gauntlet | Found a transporter.
 25116 | Gauntlet | Found a transporter.
 25150 | Gauntlet | Found a transporter.
 25160 | Gauntlet | Found a transporter.
 25699 | D:12     | Reached skill level 10 in Fighting
 26916 | D:13     | Reached XP level 15. HP: 102/103 MP: 18/18
 27274 | D:13     | Reached skill level 15 in Shapeshifting
 27378 | D:14     | Noticed Urug
 27378 | D:14     | Found a gate to the Vaults.
 27397 | D:14     | Killed Urug
 28297 | D:15     | Entered Level 15 of the Dungeon
 28364 | D:15     | Reached skill level 4 in Unarmed Combat
 28494 | D:15     | Reached skill level 5 in Unarmed Combat
 28511 | D:15     | Found a staircase to the Depths.
 28517 | D:15     | Reached skill level 6 in Unarmed Combat
 28931 | D:15     | Reached skill level 7 in Unarmed Combat
 29285 | D:15     | Found Yptoug's Magic Scroll Boutique.
 29304 | D:15     | Reached skill level 8 in Unarmed Combat
 29325 | D:15     | Bought a scroll of blinking for 105 gold pieces
 29333 | D:15     | Reached XP level 16. HP: 109/109 MP: 19/19
 29571 | Orc:1    | Entered Level 1 of the Orcish Mines
 29701 | Orc:1    | Noticed Nergalle
 29728 | Orc:1    | Killed Nergalle
 29785 | Orc:1    | Noticed Maurice
 29789 | Orc:1    | Killed Maurice
 29789 | Orc:1    | Reached skill level 9 in Unarmed Combat
 29852 | Orc:1    | Found Maokuajigi's Distillery.
 29891 | Orc:1    | You fall into a shaft and drop 1 floor!
 29891 | Orc:2    | Entered Level 2 of the Orcish Mines
 29891 | Orc:2    | Found a staircase to the Elven Halls.
 30578 | Orc:2    | Noticed Nessos
 30762 | Orc:2    | Killed Nessos
 30919 | Orc:2    | Reached skill level 10 in Unarmed Combat
 31131 | Orc:2    | Found Vuag's Distillery.
 31131 | Orc:2    | Found Geweitymai's Distillery.
 31132 | Orc:2    | Found Umebaf's Weapon Boutique.
 31136 | Orc:2    | Found Touc's Weapon Boutique.
 31142 | Orc:2    | Bought a potion of heal wounds for 80 gold pieces
 31319 | Lair:4   | Killed Josephine
 31518 | Spider:1 | Entered Level 1 of the Spider Nest
 31700 | Lair:3   | Reached skill level 11 in Unarmed Combat
 32102 | Spider:1 | Reached skill level 12 in Unarmed Combat
 33135 | Spider:2 | Reached skill level 13 in Unarmed Combat
 33815 | Spider:2 | Reached skill level 14 in Unarmed Combat
 33818 | Spider:2 | Reached XP level 17. HP: 115/115 MP: 20/20
 34277 | Spider:3 | Learned a level 2 spell: Lesser Beckoning
 34280 | Spider:3 | Learned a level 2 spell: Momentum Strike
 35165 | Spider:3 | Noticed Arachne
 35175 | Spider:3 | Killed Arachne
 35452 | Spider:4 | Entered Level 4 of the Spider Nest
 35507 | Spider:4 | Reached skill level 15 in Unarmed Combat
 35851 | Spider:4 | Learned a level 4 spell: Vhi's Electric Charge
 36446 | Spider:4 | Identified the scarf "Ethex" {rC+ rF+, rElec rPois Str-5
                  | Slay+4}
 36670 | Spider:4 | Got a gossamer rune of Zot
 37313 | Spider:4 | Reached skill level 16 in Unarmed Combat
 38227 | Swamp:1  | Entered Level 1 of the Swamp
 38350 | Swamp:1  | Noticed Roxanne
 38567 | Swamp:1  | Identified the +0 quarterstaff "Spiderbane" {freeze, Will+
                  | Int+3}
 38572 | Swamp:1  | Found a transporter.
 38573 | Swamp:1  | Noticed Tinttamiau's ghost (adept FoHu)
 38625 | Swamp:1  | Found a transporter.
 38651 | Swamp:1  | Identified the +0 tower shield of Ynlam {Dex+3 Stlth+}
 38651 | Swamp:1  | Noticed Louise
 38663 | Swamp:1  | Killed Louise
 38724 | Swamp:1  | Reached XP level 18. HP: 49/128 MP: 9/21
 39600 | Swamp:2  | Found a frozen archway.
 39690 | IceCv    | Entered an ice cave
 40044 | IceCv    | Found the +8 frozen axe "Frostbite" {freeze, freezing
                  | cloud, *Noise Fly rC+}
 40132 | IceCv    | Got the +5 dagger of Fate {freeze, rC++}
 40488 | IceCv    | Found a viscous altar of Jiyva.
 40592 | IceCv    | Identified the amulet of Elyvilon's Whim {Reflect -Tele
                  | Rampage Dex-3 SH+5 SInv}
 40599 | IceCv    | Got the ring of Yesterday {rC+ rN+ Str+3 SInv Stlth+}
 40603 | IceCv    | Identified the +10 sling of the Hawk {elec, rF++ rC+ Int-4
                  | Dex+3}
 40822 | Swamp:1  | Killed Roxanne
 41022 | Swamp:2  | Reached skill level 15 in Fighting
 41647 | Swamp:3  | Reached skill level 5 in Translocations
 41930 | Swamp:3  | Reached ****** piety under Wu Jian
 42244 | Swamp:4  | Entered Level 4 of the Swamp
 42387 | Swamp:4  | Paralysed by a fenstrider witch for 2 turns
 42872 | Swamp:4  | Noticed a tentacled monstrosity
 42880 | Swamp:4  | Reached XP level 19. HP: 139/139 MP: 23/23
 42883 | Swamp:4  | Killed a tentacled monstrosity
 43087 | Swamp:4  | Got a decaying rune of Zot
 43897 | Lair:5   | Reached skill level 15 in Dodging
 44105 | Elf:1    | Entered Level 1 of the Elven Halls
 45123 | Elf:1    | Learned a level 2 spell: Wereblood
 45192 | Elf:2    | Reached skill level 1 in Transmutations
 45216 | Elf:2    | Reached skill level 1 in Air Magic
 45216 | Elf:2    | Reached skill level 10 in Evocations
 45308 | Elf:2    | Found an ancient bone altar of Kikubaaqudgha.
 45500 | Elf:2    | Found a runed translucent gate.
 45500 | Elf:2    | Found a runed translucent gate.
 45500 | Elf:2    | Found a runed translucent gate.
 45542 | Elf:2    | Found a large runed translucent door.
 45542 | Elf:2    | Found a large runed translucent door.
 45542 | Elf:2    | Noticed Kerestru's ghost (adept GrFi)
 45606 | Elf:2    | Found a radiant altar of Vehumet.
 45687 | Elf:2    | Found a shimmering blue altar of Sif Muna.
 45945 | Elf:2    | Killed Kerestru's ghost
 46252 | Elf:2    | Reached XP level 20. HP: 145/145 MP: 24/24
 46794 | Elf:3    | Entered Level 3 of the Elven Halls
 46993 | Elf:3    | Reached skill level 5 in Air Magic
 47126 | Elf:3    | Found Yfo Mewn's Firing Range.
 48346 | Elf:3    | Identified the ring of Biveruk {*Corrode rN+ Will++ Int+6}
 48349 | Elf:3    | Identified the +3 great sword of Ytrum {protect, Stlth+}
 48349 | Elf:3    | Identified the ring "Uraes" {rC++ AC+4 Dex+5 Slay-4}
 48468 | Elf:3    | Identified the +1 chain mail of the Unbroken {Int+7}
 48491 | Elf:3    | Identified the +0 kite shield of Makhleb's Supremacy
                  | {rElec}
 48497 | Elf:3    | Got the Elucidation of the Assistive Wendigo
 48502 | Elf:3    | Got the Compilation of the Collective Graveyard
 48518 | Elf:3    | Got the Omnibus of the Shifting Boulder
 48903 | D:11     | Killed Drangen's ghost
 48923 | D:11     | Identified the +8 scimitar "Lomu Ero" {heavy, rCorr Int+4}
 49188 | Vaults:1 | Entered Level 1 of the Vaults
 49547 | Vaults:1 | Reached XP level 21. HP: 154/154 MP: 25/25
 50232 | Vaults:1 | Reached skill level 10 in Translocations
 50968 | Vaults:2 | Reached skill level 5 in Transmutations
 51708 | Vaults:2 | Found a staircase to the Crypt.
 52218 | Vaults:3 | Found Deofa's Magic Scroll Shop.
 52227 | Vaults:3 | Bought a scroll of revelation for 150 gold pieces
 52462 | Vaults:3 | Paralysed by a formless jellyfish for 1 turns
 53256 | Vaults:3 | Reached XP level 22. HP: 162/162 MP: 26/26
 53356 | Vaults:3 | Noticed Zenata
 53368 | Vaults:3 | Killed Zenata
 53518 | Vaults:3 | Reached skill level 17 in Unarmed Combat
 54322 | Vaults:4 | Found Erghelesk's Jewellery Shoppe.
 54326 | Vaults:4 | Bought the dragon-blood talisman of Jemehusi {Str+2 Dex+3}
                  | for 1958 gold pieces
 55229 | Depths:1 | Entered Level 1 of the Depths
 55327 | Depths:1 | Reached skill level 18 in Unarmed Combat
 55332 | Depths:1 | Got the Grimoire of the Volcano
 55673 | Depths:1 | Identified the serpent talisman of the Vacuum {rF- Slay+5}
 55673 | Depths:1 | Noticed Aizul
 55679 | Depths:1 | Killed Aizul
 55751 | Depths:1 | Found a gateway to Hell.
 55898 | Depths:1 | Noticed Mara
 55899 | Depths:1 | Killed Mara
 56261 | Depths:2 | Found a one-way gate leading to the halls of Pandemonium.
 56267 | Depths:2 | Reached skill level 19 in Unarmed Combat
 56447 | Depths:2 | Found the +1 cloak of Starlight {*Dazzle EV+4 Stlth--}
 56989 | Depths:3 | Found a shimmering blue altar of Sif Muna.
 57044 | Depths:3 | Reached XP level 23. HP: 166/166 MP: 27/27
 57056 | Depths:3 | Noticed a juggernaut
 57062 | Depths:3 | Killed a juggernaut
 57382 | Depths:3 | Found a one-way gateway to a ziggurat.
 57433 | Depths:3 | Reached skill level 20 in Unarmed Combat
 57613 | Depths:3 | Noticed a golden dragon
 57616 | Depths:3 | Killed a golden dragon
 57952 | Depths:4 | Entered Level 4 of the Depths
 58181 | Depths:4 | Found a gate to the Realm of Zot.
 58181 | Depths:4 | Noticed a golden dragon
 58209 | Depths:4 | Killed a golden dragon
 58210 | Depths:4 | Reached skill level 21 in Unarmed Combat
 58356 | Depths:4 | Identified the +7 hand axe of Icyemax {heavy, rElec rF+
                  | Will-}
 58614 | Depths:4 | Found a portal to a secret trove of treasure.
 59525 | D:2      | Killed Crazy Yiuf
 59859 | Swamp:1  | Killed Tinttamiau's ghost
 60275 | Slime:1  | Entered Level 1 of the Pits of Slime
 61467 | Slime:5  | Entered Level 5 of the Pits of Slime
 61478 | Slime:5  | Reached XP level 24. HP: 177/177 MP: 27/27
 61486 | Slime:5  | Noticed Dissolution
 61494 | Slime:5  | Killed Dissolution
 61583 | Slime:5  | Learned a level 4 spell: Manifold Assault
 61833 | Slime:5  | Noticed the Royal Jelly
 62074 | Slime:5  | Found a viscous altar of Jiyva.
 62428 | Slime:5  | Found a viscous altar of Jiyva.
 62556 | Slime:5  | Killed the Royal Jelly
 62807 | Slime:5  | Got the Discursus on Supportive Hoarfrost
 62812 | Slime:5  | Learned a level 3 spell: Ozocubu's Armour
 62829 | Slime:5  | Got a slimy rune of Zot
 62876 | Slime:5  | Got the Secrets of Spellbinding
 62923 | Slime:5  | Identified the ring "Fogungug" {+Blink rF+ Dex+4}
 63171 | Slime:5  | Learned a level 6 spell: Dispersal
 63394 | Orc:1    | Bought a potion of might for 48 gold pieces
 63394 | Orc:1    | Bought a potion of curing for 36 gold pieces
 63449 | Orc:2    | Bought a potion of berserk rage for 80 gold pieces
 63449 | Orc:2    | Bought a potion of curing for 48 gold pieces
 63449 | Orc:2    | Bought a potion of might for 64 gold pieces
 63449 | Orc:2    | Bought a potion of might for 64 gold pieces
 63449 | Orc:2    | Bought a potion of cancellation for 128 gold pieces
 63449 | Orc:2    | Bought a potion of cancellation for 128 gold pieces
 63450 | Orc:2    | Bought a potion of invisibility for 88 gold pieces
 63450 | Orc:2    | Bought a potion of resistance for 110 gold pieces
 63450 | Orc:2    | Bought a potion of might for 44 gold pieces
 63450 | Orc:2    | Bought a potion of brilliance for 44 gold pieces
 63694 | Vaults:3 | Bought a scroll of fog for 80 gold pieces
 63694 | Vaults:3 | Bought a scroll of fear for 80 gold pieces
 63694 | Vaults:3 | Bought a scroll of teleportation for 60 gold pieces
 63694 | Vaults:3 | Bought a scroll of teleportation for 60 gold pieces
 63694 | Vaults:3 | Bought a scroll of teleportation for 60 gold pieces
 63748 | Vaults:5 | Entered Level 5 of the Vaults
 63754 | Vaults:5 | Noticed an ancient lich
 63761 | Vaults:5 | Killed an ancient lich
 63817 | Vaults:5 | Identified the ring "Iwuzunt" {rElec AC+4 Int+4}
 63848 | Vaults:5 | Noticed a dread lich
 63854 | Vaults:5 | Killed a dread lich
 63917 | Vaults:5 | Reached XP level 25. HP: 189/189 MP: 27/27
 63942 | Vaults:5 | Got a silver rune of Zot
 64069 | Vaults:5 | Identified a scroll of acquirement
 64109 | Vaults:5 | Identified the +1 great sword of the Arena {drain, rPois}
 64147 | Vaults:5 | Learned a level 4 spell: Passage of Golubria
 64186 | Vaults:5 | Acquired 1016 gold pieces
 64208 | Vaults:5 | Got Kecius's Anthology of the Fluctuating Burn
 64981 | Vaults:5 | Got the Folio of Helpful Despicable Ceremonies
 65199 | Vaults:5 | Found Daod's Magic Scroll Shoppe.
 65211 | Vaults:5 | Bought a scroll of blinking for 120 gold pieces
 65211 | Vaults:5 | Bought a scroll of blinking for 120 gold pieces
 65211 | Vaults:5 | Bought a scroll of fear for 64 gold pieces
 65211 | Vaults:5 | Bought a scroll of fog for 64 gold pieces
 65343 | Crypt:1  | Entered Level 1 of the Crypt
 66212 | Crypt:1  | Found an ancient bone altar of Kikubaaqudgha.
 66551 | Crypt:2  | Noticed Boris
 66558 | Crypt:2  | Killed Boris
 66706 | Crypt:2  | Noticed Xtahua
 66713 | Crypt:2  | Killed Xtahua
 67356 | Orc:2    | Bought a potion of enlightenment for 55 gold pieces
 67356 | Orc:2    | Bought a potion of mutation for 88 gold pieces
 67359 | Orc:2    | Bought a potion of enlightenment for 80 gold pieces
 67359 | Orc:2    | Bought a potion of enlightenment for 80 gold pieces
 67414 | Orc:1    | Bought a potion of mutation for 96 gold pieces
 67414 | Orc:1    | Bought a potion of mutation for 96 gold pieces
 67522 | D:4      | Bought 2 potions of mutation for 208 gold pieces
 67522 | D:4      | Bought a potion of ambrosia for 104 gold pieces
 67852 | Zot:1    | Entered Level 1 of the Realm of Zot
 67988 | Zot:1    | Noticed Vv
 67988 | Zot:1    | Reached XP level 26. HP: 196/196 MP: 27/27
 68067 | Zot:1    | Killed Vv
 68888 | Zot:2    | Noticed a Killer Klown
 68902 | Zot:2    | Killed a Killer Klown
 69062 | Zot:2    | You are sucked into a shaft and drop 2 floors!
 69167 | Zot:3    | Found a runed translucent gate.
 69169 | Zot:3    | Found a runed translucent gate.
 69179 | Zot:3    | Found a runed translucent gate.
 69188 | Zot:3    | Noticed Hyollov's ghost (legendary FoHu)
 70247 | Zot:3    | Reached skill level 22 in Unarmed Combat
 70653 | Zot:3    | Killed Hyollov's ghost
 70679 | Zot:3    | Identified the +1 hand axe of Chance {protect, *Noise rN++}
 70852 | Zot:4    | Noticed a Killer Klown
 70855 | Zot:4    | Killed a Killer Klown
 70911 | Zot:4    | Reached XP level 27. HP: 205/205 MP: 23/27
 71080 | Zot:4    | Reached skill level 15 in Evocations
 71761 | Zot:5    | Entered Level 5 of the Realm of Zot
 72639 | Zot:5    | Noticed a dread lich
 72640 | Zot:5    | Noticed a dread lich
 72643 | Zot:5    | Killed a dread lich
 72644 | Zot:5    | Killed a dread lich
 72810 | Zot:5    | Noticed an orb of fire
 72818 | Zot:5    | Noticed an orb of fire
 72818 | Zot:5    | Killed an orb of fire
 72831 | Zot:5    | Killed an orb of fire
 72838 | Zot:5    | Noticed an ancient lich
 72839 | Zot:5    | Reached skill level 23 in Unarmed Combat
 73130 | Zot:5    | Noticed an ancient lich
 73132 | Zot:5    | Killed an ancient lich
 73132 | Zot:5    | Killed an ancient lich
 73584 | Zot:5    | Identified the +10 whip of Usigaas {elec, *Rage rPois
                  | Dex+6}
 74712 | Zot:5    | Got the Orb of Zot
 74810 | Zot:1    | Noticed Ygutelah the pandemonium lord
 75078 | D:10     | Noticed Idypp the pandemonium lord
 75086 | D:10     | Killed Idypp the pandemonium lord
 75192 | D:5      | Noticed a seraph
 75363 | D:$      | Escaped with the Orb!

Illustrated notes

Levels and vault maps discovered:
D:1:      lemuel_arrival_muddy, layout_loops_ring, shapermc_ecumenical_altar_gd
D:2:      minmay_general_purpose_star, layout_loops_corners,
          dreamdust_mushroom_princess, uniq_sigmund, uniq_robin,
          uniq_crazy_yiuf_cottage, uniq_jessica
D:3:      layout_rooms, fedhas_altar_fruit_tree, uniq_grinder, uniq_natasha
D:4:      layout_layer_cave, serial_shops,
          nicolae_shop_temple_entry_statues_fountains
D:5:      layout_basic, mainiacjoe_overflow_brackets, lemuel_tele_altar,
          temple_pool_b, serial_shops, kennysheep_mini_moat, minmay_manual_moon
D:6:      layout_basic, nicolae_yredelemnul_corpse_copse, gup_sewer_entry_spiral
D:7:      layout_gridville, nicolae_qazlal_scattered_showers
D:8:      layout_cave_pools, lightli_temple_of_fire, hellmonk_lair_entry_icy
D:9:      layout_roguey, orc_0_dummy, serial_bayou, serial_bayou_pond_e,
          serial_bayou_ford_a, serial_bayou_pond_a, serial_bayou_crossing,
          hangedman_decor_clover_reticule, minivault_5, minmay_sticks_and_stones
D:10:     layout_layer_cave, lemuel_crystal_altar,
          lemuel_coloured_pillars_altar, lemuel_doored_altar,
          kennysheep_minor_cross
D:11:     minmay_cornered_nines, layout_irregular_city,
          gammafunk_ghost_hydra_chop
D:12:     layout_loops_ring, gauntlet_entry_generic
D:13:     lemuel_castle_with_subvaults [lemuel_castle_interior_carwin_1],
          layout_irregular_city
D:14:     layout_small_grid, david_vaults_3
D:15:     grunt_enter_depths_magical_seal, layout_rooms, minmay_misc_feat_room,
          nicolae_inconvenience_store
Temple:   compressed_dpeg_triangle_lava_temple
Lair:1:   layout_hall_layers, serial_bayou_pond_b, infiniplex_staircase_pool_2,
          grunt_megastairs_4, uniq_harold
Lair:2:   layout_roguey, basic_altar, lemuel_fruit_fields
Lair:3:   layout_roguey, mainiacjoe_swamp_entry_lozenge_pond,
          spider_nest_entry_a
Lair:4:   layout_cave_pods, dpeg_slime_entry_corner, lemuel_fruit_tree,
          uniq_josephine
Lair:5:   hellmonk_lair_end_abyssal_woods, layout_loops_ring,
          nicolae_lair_grove_arrangements, dpeg_oklob_1
Swamp:1:  layout_basic_swamp, gammafunk_ghost_abyssal_escape,
          nicolae_swamp_tree_designs, swamp_pool_5,
          nicolae_swamp_nymph_family_reunion, uniq_roxanne, uniq_louise
Swamp:2:  layout_basic_swamp, portal_ice_cave_entry_pillars_1,
          evilmike_swamp_ruin_house_6, swamp_pool_5
Swamp:3:  layout_basic_swamp, nicolae_swamp_tree_isthmus
Swamp:4:  swamp_vile, layout_basic_swamp, swamp_pool_3
Spider:1: layout_spider_delve
Spider:2: layout_spider_delve
Spider:3: layout_spider_delve, uniq_arachne
Spider:4: guppyfry_spider_rune, nicolae_spider_scorpion_nest
Slime:1:  layout_caves
Slime:2:  layout_caves, cheibrodos_slime_lost_civilization_5
Slime:3:  cheibrodos_slime_lost_civilization_2, layout_caves
Slime:4:  layout_caves, nicolae_slime_getting_an_eyeful
Slime:5:  slime_pit_nicolae_jellycorners, uniq_dissolution
Orc:1:    layout_diamond_mine, serial_shops, nicolae_shop_advertising_works
          [nicolae_subvault_shop_adworks], uniq_nergalle, uniq_maurice
Orc:2:    st_orc_mages, layout_diamond_mine, uniq_urug, uniq_nessos
Elf:1:    eino_elf_arrival_sip, layout_gridlike, evilmike_minifort, minivault_15
Elf:2:    nicolae_elf_blades_crystal_corner, layout_loops_ring, basic_altar,
          ebering_ghost_disaster_area, hangedman_feature_mirror,
          palyth_stone_intersect
Elf:3:    minmay_elf_hall_not_hex, layout_geoelf_diagonals,
          nicolae_shop_firing_range
Vaults:1: nicolae_vaults_network_quinsquares
          [nicolae_vaults_network_quincunx_subvault,
          nicolae_vaults_network_quincunx_subvault,
          nicolae_vaults_network_quincunx_subvault,
          nicolae_vaults_network_quincunx_subvault],
          nicolae_vaults_double_plus_2, nicolae_vaults_weapon_check,
          nicolae_vaults_statue_guard, minmay_orc_keep, v_misc_18,
          layout_vaults_quadrants
Vaults:2: nicolae_vaults_tetromino_L_1, nicolae_vaults_yaktaur_gun_rack,
          nicolae_vaults_quadrants, grunt_vaults_diagonal,
          nicolae_vaults_trapezoid_lopsided_3, v_misc_26, grunt_vaults_focal,
          grunt_vaults_hallway_long, vaults_mumra_hexcomb,
          layout_vaults_chaotic_city
Vaults:3: nicolae_vaults_network_barrier, nicolae_vaults_what_the_h,
          vaults_mumra_hex, special_room_vaults [special_room_orc],
          nicolae_vaults_bisected_exclaves, nicolae_vaults_octothorpe,
          nicolae_vaults_house_3, nicolae_vaults_layer_cake_slice, v_rooms_3,
          nicolae_vaults_tetromino_Z_2, vaults_dpeg_doors,
          nicolae_vaults_little_squares_4, vaults_room_door_ring,
          vaults_mumra_chevron, vaults_standard_mumra_x, ontoclasm_vaults_fault,
          vaults_dpeg_hooks, layout_vaults_omnibox, serial_shops,
          nicolae_shop_stone, uniq_zenata
Vaults:4: nicolae_vaults_hexular_roomagon, v_pattern_2,
          grunt_vaults_hallway_long, hangedman_vaults_impose,
          nicolae_vaults_swerve, vaults_room_hallway, v_rooms_2,
          hangedman_vaults_stitches, v_rooms_4,
          nicolae_vaults_trapezoid_layered, v_misc_24,
          nicolae_vaults_tetromino_L_1, v_misc_30, nicolae_vaults_diamond_2,
          nicolae_vaults_trapezoid_lopsided_3, ontoclasm_vaults_twist,
          grunt_vaults_hallway_short, nicolae_vaults_sesquioval_fish,
          layout_vaults_omnicross, serial_shops, shop
Vaults:5: serial_shops
Crypt:1:  cheibrodos_crypt_down_in_the_bonehoard, layout_regular_city,
          grunt_crypt_arrival_webbed, grunt_megastairs_2
Crypt:2:  layout_catacombs, nrook_guardian_serpent_ordinary, uniq_xtahua,
          uniq_boris
Depths:1: layout_roguey, abyss_entry, serial_bayou, serial_bayou_lagoon_a,
          serial_bayou_pond_c, serial_bayou_pond_a, serial_bayou_shore_b,
          pf_coc_iceberg, hangedman_research_geology, uniq_aizul, uniq_mara
Depths:2: dreamdust_merry_men, layout_basic, grunt_decor_junction,
          abyss_entry_glasseish, hell_entry, serial_curves, eino_curves_04,
          eino_curves_03, eino_curves_03, rand_demon_pan_entry_8
Depths:3: hangedman_cross_stitches, layout_twisted_cross, enter_ziggurat_d,
          nicolae_sif_muna_condensation, hell_entry, abyss_entry,
          rand_demon_pan_entry_4, hangedman_decor_growths,
          nicolae_figureground_sparkle, serial_bayou_shore_b
Depths:4: grunt_zot_entry_tricorne, layout_gridlike, hell_entry,
          nicolae_trove_entry_crossroad, serial_sigils,
          serial_sigils_hangedman_clutch, serial_sigils_hangedman_shear,
          serial_sigils_hangedman_shear, serial_sigils_hangedman_quiver,
          minmay_misc_feat_alley
Zot:1:    layout_onion, uniq_josephina, uniq_vv
Zot:2:    layout_basic
Zot:3:    layout_gridlike, gammafunk_ghost_ooze,
          regret_index_zotdec_abyssal_contain_seething_sorcery
Zot:4:    minmay_elemental_castle, layout_twisted_circle
Zot:5:    layout_twisted_circle, guppyfry_library_mini

Skill      XL: |  1  2  3  4  5  6  7  8  9 10 11 12 13 14 15 16 17 18 19 20 21 22 23 24 25 26 27 |
---------------+----------------------------------------------------------------------------------+-----
Stealth        | 1 3 4 5 6 7 8 9 10 11 | 11.0
Fighting       | 2 3 4 6 8 9 10 13 15 16 17 20 21 22 | 22.9
Short Blades   | 1 2 4 5 8 10 | 10.0
Shapeshifting  | 4 5 6 7 9 12 14 16 17 18 20 | 20.0
Dodging        | 3 4 6 9 10 11 12 13 15 16 18 19 20 21 | 21.6
Throwing       | 4 |  4.0
Evocations     | 4 5 6 10 12 14 15 | 15.0
Translocations | 3 4 6 7 9 12 13 | 13.0
Spellcasting   | 1 2 3 |  3.0
Unarmed Combat | 8 14 16 19 21 22 23 | 23.7
Transmutations | 3 6 |  6.0
Air Magic      | 3 6 |  6.0

Action                     |  1- 3 |  4- 6 |  7- 9 | 10-12 | 13-15 | 16-18 | 19-21 | 22-24 | 25-27 || total
---------------------------+-------+-------+-------+-------+-------+-------+-------+-------+-------++-------
  Melee: Unarmed           |    63 |     2 |       |       |       |   999 |   893 |   968 |  1086 ||  4011
         Constrict         |    23 |    20 |    22 |    81 |   101 |    27 |       |       |       ||   274
         Tentacles         |    15 |    12 |    26 |   111 |   280 |       |       |       |       ||   444
         Punch             |     2 |     1 |     6 |    14 |    36 |    83 |   112 |   119 |   212 ||   585
         Dagger            |     8 |    74 |   158 |   407 |   896 |       |       |       |       ||  1543
         Maw               |       |       |       |       |   380 |       |       |       |       ||   380
         Tailslap          |       |       |       |       |       |   145 |   168 |   181 |   252 ||   746
         Bite              |       |       |       |       |       |    99 |   112 |   126 |   171 ||   508
   Fire: Sling             |       |       |       |       |       |    55 |       |       |       ||    55
  Throw: Stone             |    21 |     6 |       |    44 |    69 |       |       |       |       ||   140
         Dart              |     5 |       |     4 |    16 |    77 |       |       |       |       ||   102
         Boomerang         |       |       |    78 |    50 |    44 |       |       |       |       ||   172
   Cast: Apportation       |       |       |       |       |     7 |       |       |       |     1 ||     8
         Lesser Beckoning  |       |       |       |       |       |       |    12 |     2 |     5 ||    19
         Momentum Strike   |       |       |       |       |       |       |     1 |       |       ||     1
         Vhi's Electric Ch |       |       |       |       |       |       |    15 |    20 |    11 ||    46
         Wereblood         |       |       |       |       |       |       |    10 |    29 |    25 ||    64
         Manifold Assault  |       |       |       |       |       |       |       |    25 |    11 ||    36
         Dispersal         |       |       |       |       |       |       |       |     1 |       ||     1
         Blink             |       |       |       |       |       |       |       |       |     1 ||     1
 Invoke: Serpent's Lash    |       |       |       |     6 |    18 |    28 |    16 |    14 |    15 ||    97
         Heavenly Storm    |       |       |       |       |     1 |     2 |     1 |     1 |       ||     5
Ability: Begin Untransform |     1 |       |       |       |       |     1 |     1 |     1 |       ||     4
         Lunge             |       |    13 |    49 |    65 |   105 |   153 |   132 |   125 |   120 ||   762
         Whirlwind         |       |       |    17 |    35 |   119 |   302 |   218 |   238 |   212 ||  1141
         Wall Jump         |       |       |       |     4 |     2 |     2 |     2 |       |       ||    10
         Breathe Fire      |       |       |       |       |       |    21 |     8 |     5 |     1 ||    35
  Evoke: Wand              |       |       |     5 |    13 |    12 |    23 |    21 |     4 |     9 ||    87
    Use: Scroll            |     2 |     2 |     7 |    15 |     9 |     4 |     4 |     7 |     6 ||    56
         Potion            |     1 |       |     2 |       |       |     4 |     8 |     6 |     1 ||    22
   Stab: Sleeping          |     5 |     7 |    33 |    19 |    34 |    58 |    27 |    34 |    21 ||   238
         Distracted        |     2 |     1 |     2 |     4 |    12 |    12 |    10 |     9 |     5 ||    57
         Fleeing           |       |       |       |       |     2 |       |       |       |       ||     2
 Armour: Skin              |    15 |    25 |    40 |    90 |   147 |   468 |   327 |   262 |   300 ||  1674
  Dodge: Dodged            |    23 |    30 |    46 |   199 |   403 |   711 |   408 |   449 |   738 ||  3007
  Block: Other             |       |       |       |       |       |     4 |       |       |       ||     4
         Reflection        |       |       |       |       |       |     1 |       |       |       ||     1
   Form: Beast             |     1 |       |       |       |       |       |       |       |       ||     1
         Maw               |       |       |       |       |     2 |     1 |       |       |       ||     3
         Dragon            |       |       |       |       |     1 |     5 |     3 |     1 |       ||    10
         Anaconda          |       |       |       |       |     1 |     3 |       |       |       ||     4
         Storm             |       |       |       |       |       |       |     2 |       |       ||     2

Table legend: (Time is in decaauts)
 A = Elapsed time spent in this place.
 B = Non-inter-level travel time spent in this place.
 C = Inter-level travel time spent in this place.
 D = Time resting spent in this place.
 E = Time spent auto-exploring this place.
 F = Levels seen in this place.
 G = Mean time per level.
                   A        B        C        D        E       F      G
               +--------+--------+--------+--------+--------+-----+--------+
         Total |  74416 |  68060 |   6356 |   7916 |  39177 |  58 | 1283.0 |
       Dungeon |  23902 |  21305 |   2597 |   1938 |  11024 |  15 | 1593.5 |
        Temple |    205 |    205 |      0 |    185 |      0 |   1 |  205.0 |
          Lair |   8577 |   7710 |    867 |   1788 |   2478 |   5 | 1715.4 |
         Swamp |   4477 |   4172 |    305 |    795 |   2438 |   4 | 1119.2 |
   Spider Nest |   5877 |   5523 |    354 |    949 |   3473 |   4 | 1469.2 |
    Slime Pits |   2928 |   2736 |    192 |    382 |   1630 |   5 |  585.6 |
  Orcish Mines |   1903 |   1540 |    363 |    227 |    823 |   2 |  951.5 |
   Elven Halls |   4577 |   4336 |    241 |    146 |   3131 |   3 | 1525.7 |
        Vaults |   7688 |   7070 |    618 |    137 |   5513 |   5 | 1537.6 |
         Crypt |   1719 |   1614 |    105 |      0 |   1167 |   2 |  859.5 |
        Depths |   4373 |   3902 |    471 |    443 |   2781 |   4 | 1093.2 |
           Zot |   6557 |   6319 |    238 |    546 |   4262 |   5 | 1311.4 |
         Sewer |    279 |    279 |      0 |     14 |     96 |   1 |  279.0 |
      Ice Cave |    990 |    990 |      0 |    364 |     57 |   1 |  990.0 |
      Gauntlet |    359 |    359 |      0 |      0 |    303 |   1 |  359.0 |
               +--------+--------+--------+--------+--------+-----+--------+

Top non-repeatable levels by time:
     D:2: 4614 daAuts
   Zot:5: 2704 daAuts
  Lair:5: 2528 daAuts
Spider:4: 2382 daAuts
     D:7: 2332 daAuts
   Elf:3: 1901 daAuts
     D:9: 1882 daAuts
  Lair:3: 1841 daAuts
Vaults:1: 1831 daAuts
 Swamp:1: 1830 daAuts
  Lair:4: 1821 daAuts
     D:5: 1816 daAuts
  Lair:1: 1633 daAuts
   Elf:2: 1602 daAuts
    D:13: 1545 daAuts
